 Dungeon Crawl Stone Soup version 0.23-a0-386-g9c9d49f (webtiles) character file.

3585 Amnesiac the Geomancer (level 10, 0/63 HPs)
             Began as an Octopode Earth Elementalist on Oct 28, 2018.
             Was an Initiate of Gozag.
             Slain by an orc (5 damage)
             ... on level 8 of the Dungeon.
             The game lasted 00:16:29 (6989 turns).

Amnesiac the Geomancer (OpEE)                       Turns: 6989, Time: 00:16:30

Health: 0/63       AC:  2    Str:  7    XL:     10   Next: 10%
Magic:  4/20       EV: 17    Int: 26    God:    Gozag
Gold:   1096       SH:  0    Dex: 13    Spells: 11/23 levels left

rFire    + . .     SeeInvis .   w - +10 trident of Compound Interest {freeze, +Inv rF+}
rCold    . . .     Gourm    .   (no shield)
rNeg     . . .     Faith    .   (helmet restricted)
rPois    .         Spirit   .   (no amulet)
rElec    .         Reflect  .   t - +1 ring of protection
rCorr    .         Harm     .   n - +2 ring of evasion
MR       .....     Rnd*Tele +   v - ring of teleportation (curse)
Stlth    +++.......             (no ring)
HPRegen  0.20/turn              (no ring)
MPRegen  0.17/turn              (no ring)
                                (no ring)
                                (no ring)

@: brilliant, gold aura
A: almost no armour, stealthy swim, amphibious, 8 rings, constrict 8, tentacle
spike 1, camouflage 1, mutation resistance 1, gelatinous body 1
a: Potion Petition, Call Merchant, Bribe Branch, Renounce Religion, Evoke
Invisibility


You were on level 8 of the Dungeon.
You worshipped Gozag.
Gozag was most pleased with you.
You were full.

You visited 2 branches of the dungeon, and saw 9 of its levels.

You collected 1203 gold pieces.
You paid 107 gold pieces to Gozag.

Inventory:

Hand Weapons
 o - the +3 trident "Ciuqyste" {pierce, rPois Dex+2}
   (You found it on level 5 of the Dungeon)

   It inflicts extra damage upon your enemies.
   It affects your dexterity (+2).
   It protects you from poison.
 s - the cursed +2 whip of Zin {slash, rC+ MR+ Str+4 Int-2}
   (You took it off an orc on level 4 of the Dungeon)

   It inflicts extra damage upon your enemies.
   It affects your strength (+4).
   It affects your intelligence (-2).
   It protects you from cold.
   It affects your resistance to hostile enchantments.
   It has a curse placed upon it.
 w - the +10 trident of Compound Interest (weapon) {freeze, +Inv rF+}
   (You found it on level 6 of the Dungeon)

   It has been specially enchanted to freeze those struck by it, causing extra
   injury to most foes and up to half again as much damage against particularly
   susceptible opponents.
   It can also slow down cold-blooded creatures.
   It protects you from fire.
   It lets you turn invisible.
 A - a +0 blowgun
Missiles
 b - 249 stones (quivered)
 B - 11 curare-tipped needles
Jewellery
 i - an uncursed ring of ice
 n - a +2 ring of evasion (right tentacle)
 t - a +1 ring of protection (left tentacle)
 v - a cursed ring of teleportation (on tentacle)
 E - an uncursed ring of magical power
Wands
 d - a wand of enslavement (9)
Scrolls
 a - a scroll of blinking {!r, unknown}
 e - 3 scrolls of remove curse {!r}
 f - 2 scrolls of enchant armour {!r}
 h - 8 scrolls of teleportation {!r}
 r - a scroll of enchant weapon {!r, unknown}
 u - 2 scrolls of random uselessness {!r, unknown}
 x - 2 scrolls of fear {!r, unknown}
 y - a scroll of amnesia {!r, unknown}
 D - a scroll of identify {!r}
Potions
 j - a potion of degeneration {!q, unknown}
 k - a potion of berserk rage {!q, unknown}
 l - 3 potions of haste {!q, unknown}
 m - a potion of cancellation {!q}
 p - a potion of lignification {!q, unknown}
 q - 3 potions of curing {!q}
 C - a potion of ambrosia {!q, unknown}
Comestibles
 c - 8 rations


   Skills:
 - Level 4.0 Fighting
 - Level 4.1 Dodging
 - Level 3.0 Stealth
 + Level 7.1 Spellcasting
 - Level 1.0 Transmutations
 * Level 10.9 Earth Magic


You had 11 spell levels left.
You knew the following spells:

 Your Spells              Type           Power        Failure   Level  Hunger
a - Sandblast             Erth           ######       1%          1    None
b - Passwall              Tmut/Erth      ######..     1%          2    None
d - Lee's Rapid Deconstr  Erth           ######....   1%          5    #####..
e - Petrify               Tmut/Erth      ######..     1%          4    ###....

Your spell library contained the following spells:

 Spells                   Type           Power        Failure   Level  Hunger
 Apportation              Tloc           ###...       1%          1    None
 Summon Butterflies       Summ           ###.....     1%          1    None
 Stone Arrow              Conj/Erth      ######       1%          3    None
 Lesser Beckoning         Tloc           ###.......   2%          3    None
 Tukima's Dance           Hex            ###.....     2%          3    None
 Alistair's Intoxication  Tmut/Pois      ####....     14%         5    #####..
 Invisibility             Hex            ###.....     61%         6    ######.


Dungeon Overview and Level Annotations

Branches:
Dungeon (8/15)             Temple (1/1) D:5
   Lair: D:8-11

Altars:
Ashenzari
Cheibriados
Dithmenos
Elyvilon
Fedhas
Gozag
Hepliaklqana
Kikubaaqudgha
Makhleb
Nemelex Xobeh
Okawaru
Qazlal
Ru
Trog
Uskayaw
Xom
Yredelemnul
Zin

Annotations:
D:8 Joseph, Maurice


Innate Abilities, Weirdness & Mutations

You cannot wear most types of armour.
You are very stealthy in the water. (Stealth+)
You are amphibious.
You can wear up to eight rings at the same time.
You can use your tentacles to constrict eight enemies at once.
Your skin changes colour to match your surroundings (Stealth+).
Your rubbery body absorbs attacks. (AC +1, EV +1)
One of your tentacles bears a spike.
You are somewhat resistant to further mutation.


Message History

Press: ? - help, v - describe, . - travel
Here: Maurice, wielding a +0 shortbow, wearing a +0 cloak and carrying a wand The floor.
Unknown command.
Casting: Lee's Rapid Deconstruction (safe; 1% risk of failure)
Confirm with . or Enter, or press ? or * to list all spells.
Aiming: Petrify (safe; 1% risk of failure)
Press: ? - help, Shift-Dir - straight line Maurice struggles to resist.
Maurice mumbles some strange words.
Maurice puts on a burst of speed!
Unknown command.
Casting: Petrify (safe; 1% risk of failure)
Confirm with . or Enter, or press ? or * to list all spells.
Aiming: Petrify (safe; 1% risk of failure)
Press: ? - help, Shift-Dir - straight line Maurice is moving more slowly.
The orc barely misses you.
Unknown command.
Casting: Petrify (safe; 1% risk of failure)
Confirm with . or Enter, or press ? or * to list all spells.
Aiming: Lee's Rapid Deconstruction (safe; 1% risk of failure)
Press: ? - help, Dir - move target cursor, f - Maurice Fragment what (e.g. wall or brittle monster)?: Maurice, wielding a +0 shortbow, Maurice shatters!
Maurice is heavily wounded.
Maurice casts a spell.
Maurice blinks!
A quokka comes into view.
The orc hits you. The orc misses you.
Maurice zaps a wand.
You suddenly lose the ability to move!
The orc hits you but does no damage.
A black bear comes into view.
Maurice stops moving altogether!
The orc hits you but does no damage. The quokka bites you. The orc hits you.
The quokka barely misses you. The orc hits you with a +0 mace!
Joseph, a Mercenary comes into view.
He is wielding a +0 quarterstaff and The orc hits you.
The quokka bites you.
* * * LOW HITPOINT WARNING * * *
You can move again.
Casting: Lee's Rapid Deconstruction (safe; 1% risk of failure)
Confirm with . or Enter, or press ? or * to list all spells.
Aiming: Lee's Rapid Deconstruction (safe; 1% risk of failure)
Press: ? - help, Dir - move target cursor, f/p - Maurice Fragment what (e.g. wall or brittle monster)?: Maurice, wielding a +0 shortbow, Maurice shatters!
Maurice is severely wounded.
The blast of petrified fragments hits the quokka.
You kill the quokka!
The black bear growls angrily.
Joseph unwields a +0 quarterstaff.
Joseph wields a +0 hunting sling.
Joseph shoots a sling bullet.
The sling bullet hits you!
* * * LOW HITPOINT WARNING * * *
The orc hits you.
* * * LOW HITPOINT WARNING * * *
The orc hits you with a +0 mace!
* * * LOW HITPOINT WARNING * * *
The orc hits you.
* * * LOW HITPOINT WARNING * * *
There is a stone staircase leading up, spattered with blood here.
You see here an arrow.
Okay, then.
The orc hits you.
You die...
Your body crumbles into a pile of gold.

.. ###. .@.. $
#..# ##...##
##...h.## ..
##.......######..
#.......o$.......
#......o@@....#
##.....####.....
#..$$# #....#.
#.#..###.# #
#..$....### $
#.......<.#
#.##.#..$.# #.
#.#....# #
#...o###


You could see Joseph, Maurice (petrified), a black bear and 2 orcs.

Vanquished Creatures
  Erica (D:7)
  Pikel (D:4)
  2 hungry ghosts
  An orc warrior (D:7)
  3 ice beasts
  2 slaves (D:4)
  3 phantoms
  2 ogres
  2 centaurs
  4 big kobolds
  2 bullfrogs (D:7)
  A scorpion (D:6)
  A water moccasin skeleton (D:6)
  4 wights (D:7)
  A crimson imp (D:7)
  A quasit (D:6)
  3 orc wizards
  2 orc priests
  3 hounds
  2 iguanas
  3 worker ants
  6 adders
  A shadow imp (D:7)
  2 oozes
  2 worms (D:2)
  2 dart slugs
  9 leopard geckos
  21 orcs
  13 giant cockroaches
  9 goblins
  7 hobgoblins
  3 jackals
  33 kobolds
  3 quokkas
  2 ball pythons
  7 bats
  4 frilled lizards
  A jackal skeleton (D:7)
  A leopard gecko zombie (D:8)
  A quokka skeleton (D:4)
  7 rats
178 creatures vanquished.

Vanquished Creatures (others)
  2 slaves (D:4)
  An ogre (D:6)
  A howler monkey (D:6)
  An iguana (D:6)
  2 quokkas
7 creatures vanquished.

Grand Total: 185 creatures vanquished

Notes
Turn   | Place    | Note
-------+----------+-------------------------------------------
     0 | D:1      | Amnesiac the Octopode Earth Elementalist began the quest
                  | for the Orb.
     0 | D:1      | Reached XP level 1. HP: 11/11 MP: 3/3
    82 | D:1      | Reached XP level 2. HP: 17/17 MP: 5/5
    86 | D:1      | Learned a level 2 spell: Passwall
   443 | D:1      | Reached XP level 3. HP: 21/21 MP: 6/6
  1087 | D:3      | Reached skill level 4 in Earth Magic
  1107 | D:3      | Found a shattered altar of Ashenzari.
  1109 | D:3      | Found an iron altar of Okawaru.
  1473 | D:5      | Entered Level 5 of the Dungeon
  1492 | D:4      | Found a burning altar of Makhleb.
  1494 | D:4      | Reached XP level 4. HP: 24/27 MP: 4/8
  1587 | D:4      | Noticed Pikel
  1587 | D:4      | Noticed a slave
  1756 | D:5      | Found a basalt altar of Yredelemnul.
  1867 | D:5      | Got a crude trident
  1868 | D:5      | Identified the +3 trident "Ciuqyste" {pierce, rPois Dex+2}
                  | (You found it on level 5 of the Dungeon)
  2143 | D:5      | Noticed an ice beast
  2326 | D:4      | Identified the cursed +2 whip of Zin {slash, rC+ MR+ Str+4
                  | Int-2}
  2337 | D:4      | Killed an ice beast
  2337 | D:4      | Reached skill level 5 in Earth Magic
  2337 | D:4      | Reached XP level 5. HP: 29/31 MP: 4/9
  2657 | D:4      | Noticed a slave
  2657 | D:4      | Noticed a slave
  2657 | D:4      | Noticed a slave
  2671 | D:4      | Killed a slave
  2680 | D:4      | Killed a slave
  3041 | D:4      | Killed a freed slave
  3045 | D:4      | Killed a freed slave
  3334 | D:4      | Gained mutation: You are frail. (-10% HP) [potion of
                  | mutation]
  3334 | D:4      | Gained mutation: Your spells are a little easier to cast,
                  | but a little less powerful. [potion of mutation]
  3334 | D:4      | Lost mutation: You are frail. (-10% HP) [potion of
                  | mutation]
  3336 | D:4      | HP: 1/31 [Pikel/+2 whip of flaming (1)]
  3419 | D:4      | Killed Pikel
  3419 | D:4      | Reached skill level 6 in Earth Magic
  3419 | D:4      | Reached XP level 6. HP: 16/36 MP: 0/12
  3419 | D:4      | Reached XP level 7. HP: 18/41 MP: 0/13
  3535 | D:4      | Lost mutation: Your spells are a little easier to cast, but
                  | a little less powerful. [potion of mutation]
  3535 | D:4      | Gained mutation: One of your tentacles bears a spike.
                  | [potion of mutation]
  3535 | D:4      | Gained mutation: You are somewhat resistant to further
                  | mutation. [potion of mutation]
  3809 | D:5      | Found a staircase to the Ecumenical Temple.
  3822 | Temple   | Entered the Ecumenical Temple
  3903 | Temple   | Became a worshipper of Gozag Ym Sagoz the Greedy
  4101 | D:2      | Reached skill level 7 in Earth Magic
  4727 | D:3      | Reached XP level 8. HP: 46/46 MP: 14/14
  4803 | D:3      | Found a white marble altar of Elyvilon.
  4901 | D:3      | Found a hide-covered altar of Uskayaw.
  5210 | D:6      | Found a shimmering altar of Xom.
  5263 | D:6      | Learned a level 5 spell: Lee's Rapid Deconstruction
  5268 | D:6      | Learned a level 4 spell: Petrify
  5271 | D:6      | Reached skill level 1 in Fighting
  5271 | D:6      | Reached skill level 5 in Spellcasting
  5297 | D:6      | Reached skill level 8 in Earth Magic
  5325 | D:6      | Got a transparent trident
  5326 | D:6      | Identified the +10 trident of Compound Interest {freeze,
                  | +Inv rF+} (You found it on level 6 of the Dungeon)
  5970 | D:7      | Reached skill level 9 in Earth Magic
  5970 | D:7      | Reached XP level 9. HP: 35/55 MP: 12/17
  6571 | D:7      | Reached skill level 10 in Earth Magic
  6853 | D:8      | Noticed Maurice
  6871 | D:8      | Noticed Erica
  6945 | D:7      | Killed Erica
  6945 | D:7      | Reached XP level 10. HP: 50/63 MP: 13/20
  6982 | D:8      | Paralysed by Maurice for 5 turns
  6986 | D:8      | Noticed Joseph
  6989 | D:8      | Slain by an orc

Vault maps used:
D:1:      elethiomel_arrival_quiet
D:2:      minmay_roachtagon, first_ration, minmay_close_crescents
D:3:      lemuel_coloured_pillars_altar,
          chequers_temple_overflow_statue_of_worship, elyvilon_altar_4
D:4:      makhleb_blood_cavern_becter, uniq_pikel
D:5:      old_standard_altar, minmay_temple_entry_glassed_door, serial_glass,
          glass_columns_c, glass_columns_a, corexii_leaking_fountain,
          minmay_curled_crystal, kennysheep_generic_room_15
D:6:      xom_confusion_cloud, kennysheep_generic_room_8
D:8:      marbit_many_paths, lair_entry_dummy, serial_shops, shop,
          nicolae_shop_overgrown_old_shop, shop, shop, shop_scrolls,
          uniq_gastronok, uniq_harold, uniq_erica, uniq_maurice, uniq_joseph
Temple:   nicolae_temple_hex_pool

Skill      XL: |  1  2  3  4  5  6  7  8  9 |
---------------+----------------------------+-----
Stealth        | 3 |  3.0
Earth Magic    | 4 5 6 7 9 10 | 10.9
Spellcasting   | 3 4 5 7 |  7.1
Dodging        | 3 4 |  4.1
Fighting       | 2 4 |  4.0
Transmutations | |  1.0

Action                   |  1- 3 |  4- 6 |  7- 9 | 10-12 || total
-------------------------+-------+-------+-------+-------++-------
Melee: Spear             |    94 |     2 |       |       ||    96
       Constrict         |    22 |     5 |    36 |       ||    63
       Tentacles         |    15 |     5 |    23 |       ||    43
       Trident           |       |    17 |   244 |       ||   261
       Kick              |       |       |    32 |       ||    32
 Cast: Sandblast         |    10 |    34 |    21 |       ||    65
       Passwall          |       |     1 |       |       ||     1
       Lee's Rapid Decon |       |       |    13 |     3 ||    16
       Petrify           |       |       |       |     2 ||     2
Evoke: Wand              |       |     2 |       |       ||     2
  Use: Potion            |       |     6 |     4 |       ||    10
       Scroll            |       |     2 |     6 |       ||     8
 Stab: Sleeping          |     8 |     3 |    18 |       ||    29
       Distracted        |       |       |     4 |       ||     4
  Eat: Chunk             |     2 |     4 |       |       ||     6
       Ration            |       |       |     7 |       ||     7
Armor: Skin              |     7 |     2 |    17 |     2 ||    28
Dodge: Dodged            |    43 |    25 |   172 |     3 ||   243

Table legend:
 A = Non-vault XP
 B = Vault XP
 C = Vault XP percentage of total XP
 D = Non-vault monster count
 E = Vault monster count
 F = Vault count percentage of total count
                 A         B        C        D         E       F
            +---------+---------+-------+---------+---------+-------
      Total |    3236 |    1886 |  36.8 |     157 |      19 |  10.8
            +---------+---------+-------+---------+---------+-------
        D:1 |      42 |       0 |   0.0 |      22 |       0 |   0.0
        D:2 |      51 |      46 |  47.4 |      21 |      12 |  36.4
        D:3 |     132 |       0 |   0.0 |      27 |       0 |   0.0
        D:4 |     141 |     669 |  82.6 |       4 |       2 |  33.3
        D:5 |     186 |       0 |   0.0 |       7 |       0 |   0.0
        D:6 |     659 |     290 |  30.6 |      16 |       4 |  20.0
        D:7 |    1816 |     881 |  32.7 |      53 |       1 |   1.9
        D:8 |     209 |       0 |   0.0 |       7 |       0 |   0.0
            +---------+---------+-------+---------+---------+-------
